 Dungeon Crawl Stone Soup version 0.21.1-1-g345015fe64 (webtiles) character file.

348 HooM the Shield-Bearer (level 6, -6/53 HPs)
             Began as a Hill Orc Fighter on Mar 11, 2018.
             Mangled by a centaur (7 damage)
             ... on level 3 of the Dungeon.
             The game lasted 00:27:20 (2977 turns).

HooM the Shield-Bearer (Hill Orc Fighter)           Turns: 2977, Time: 00:27:20

Health: -6/53      AC: 15    Str: 24    XL:     6   Next: 60%
Magic:  6/6        EV:  8    Int:  8    God:
Gold:   125        SH: 12    Dex: 10    Spells: 5/5 levels left

rFire    x . .     SeeInvis .   h - +2 mace (protect)
rCold    + . .     Gourm    .   c - +0 shield
rNeg     . . .     Faith    .   g - +0 scale mail
rPois    .         Spirit   .   (no helmet)
rElec    .         Reflect  +   w - +0 cloak {MR+}
rCorr    .         Harm     .   (no gloves)
MR       +....                  (no boots)
Stlth    ..........             s - +2 amulet of reflection
HPRegen  0.17/turn              i - +3 ring of strength (curse)
MPRegen  0.10/turn              n - ring of ice

@: about to teleport, protection aura
A: no striking features
a: no special abilities


You were on level 3 of the Dungeon.
You were very hungry.

You visited 1 branch of the dungeon, and saw 3 of its levels.

You collected 125 gold pieces.

Inventory:

Hand Weapons
 h - a +2 mace of protection (weapon)
 v - a +2 quarterstaff of chaos
Missiles
 e - 128 stones (quivered)
Armour
 c - a +0 shield (worn)
 g - a +0 scale mail (worn)
 w - a +0 cloak of magic resistance (worn)
Jewellery
 b - an uncursed ring of wizardry {unknown}
 i - a cursed +3 ring of strength (left hand)
 l - an uncursed amulet of faith
 n - a ring of ice (right hand)
 r - an uncursed amulet of rage
 s - a +2 amulet of reflection (around neck)
Scrolls
 j - 3 scrolls of remove curse
 k - 2 scrolls of teleportation
 m - a scroll of immolation
 p - a scroll of random uselessness
 q - a scroll of enchant armour
 t - 3 scrolls of fear {unknown}
Potions
 a - 2 potions of degeneration
 d - a potion of might
 o - a potion of haste {unknown}
 u - a potion of resistance {unknown}
Comestibles
 f - 9 rations


   Skills:
 + Level 4.4 Fighting
   Level 2.3 Long Blades
 + Level 4.0 Maces & Flails
 + Level 0.2 Throwing
 + Level 4.4 Armour
 + Level 0.6 Dodging
 + Level 0.1 Stealth
 + Level 4.9 Shields


You had 5 spell levels left.
You didn't know any spells.

Dungeon Overview and Level Annotations

Branches:
Dungeon (3/15)

Altars:
Fedhas
Gozag
Qazlal
Xom

Annotations:
D:3 1 transporter


Message History

As you read the scroll of teleportation, it crumbles to dust.
You feel strangely unstable.
The bullfrog hits you but does no damage.
The centaur hits you!
* * * LOW HITPOINT WARNING * * *
The kobold hits you but does no damage. The ogre hits you with a giant club!
* * * LOW HITPOINT WARNING * * *
The bullfrog hits you but does no damage.
You block the bullfrog's attack. You block the centaur's attack.
You barely miss the ogre.
The ogre is moderately wounded.
You block the bullfrog's attack.
The bullfrog hits you but does no damage.
You block the kobold's attack. The centaur closely misses you.
The ogre hits you but does no damage.
The bullfrog hits you but does no damage.
You block the bullfrog's attack. The kobold hits you but does no damage.
The centaur hits you!
You die...
Xom giggles madly!

#.#..#########..#.#.#..
#.#.##...©...##.#..)#..
#.#.#8.#...#.8#.#...#..
#.#.#...#.#...#...#....
#...#}........#...####.
#..©#_."...©..#©..# #.
##..#.........#..## #.
##.#cOF#g#...#.## #.
#.#8@#...#.8#.# #.
#.##FKr....##.# ##
#..#########..# #.
##...........## #.
############# #[ ##


You could see an ogre, 2 bullfrogs, a centaur, a quokka and a kobold.

Vanquished Creatures
  The ghost of McIrco the Shield-Bearer, an amateur HOFi (D:3)
  A centaur (D:2)
  Crazy Yiuf (D:2)
  5 adders
  3 oozes
  2 worms (D:2)
  4 dart slugs
  4 leopard geckos
  2 orcs (D:3)
  2 ball pythons
  6 bats
  3 giant cockroaches
  13 goblins
  6 hobgoblins
  2 jackals (D:1)
  12 kobolds
  2 quokkas (D:2)
  4 frilled lizards
  4 rats
  A plant (D:2)
78 creatures vanquished.

Notes
Turn   | Place    | Note
-------+----------+-------------------------------------------
     0 | D:1      | HooM the Hill Orc Fighter began the quest for the Orb.
     0 | D:1      | Reached XP level 1. HP: 19/19 MP: 1/1
    55 | D:1      | Reached XP level 2. HP: 12/27 MP: 2/2
   783 | D:1      | Reached XP level 3. HP: 14/33 MP: 3/3
  1374 | D:2      | Reached skill level 1 in Maces & Flails
  1374 | D:2      | Reached XP level 4. HP: 40/40 MP: 4/4
  1506 | D:2      | Found a runed door.
  1514 | D:2      | Noticed Crazy Yiuf
  1520 | D:2      | Killed Crazy Yiuf
  1627 | D:2      | Reached XP level 5. HP: 46/46 MP: 5/5
  1689 | D:2      | Noticed a centaur
  1708 | D:2      | Killed a centaur
  2103 | D:2      | Reached XP level 6. HP: 52/52 MP: 6/6
  2112 | D:2      | Found a stormy altar of Qazlal.
  2234 | D:3      | Found a shimmering altar of Xom.
  2249 | D:3      | Became a worshipper of Xom of Chaos
  2304 | D:3      | XOM: divination: magic mapping
  2328 | D:3      | Found an opulent altar of Gozag.
  2338 | D:3      | Noticed McIrco's ghost (amateur HOFi)
  2362 | D:3      | Killed McIrco's ghost
  2389 | D:3      | Found a transporter.
  2396 | D:3      | Found a transporter.
  2421 | D:3      | XOM: harmless Tloc miscast
  2620 | D:3      | Fell from the grace of Xom
  2773 | D:3      | XOM: torment (28/53 hp)
  2805 | D:3      | Found a blossoming altar of Fedhas.
  2976 | D:3      | HP: 1/53 [ogre/giant club (12)]
  2977 | D:3      | Mangled by a centaur

Skill      XL: |  1  2  3  4  5  6 |
---------------+-------------------+-----
Shields        | 4 |  4.9
Maces & Flails | 1 2 3 4 |  4.0
Fighting       | 4 |  4.4
Armour         | 4 |  4.4
Long Blades    | |  2.3
Throwing       | |  0.2
Dodging        | |  0.6
Stealth        | |  0.1

Action                   |  1- 3 |  4- 6 || total
-------------------------+-------+-------++-------
Melee: Long sword        |     9 |       ||     9
       Mace              |    68 |   200 ||   268
Throw: Stone             |     3 |    12 ||    15
Invok: Renounce Religion |       |     1 ||     1
  Use: Scroll            |     1 |     6 ||     7
  Eat: Chunk             |     1 |     5 ||     6
Armor: Scale mail        |   216 |    86 ||   302
Dodge: Dodged            |   128 |    57 ||   185
Block: Shield            |   229 |    96 ||   325
       Rpst.: Long sword |    10 |       ||    10
